 Dungeon Crawl Stone Soup version 0.32-a0-791-gfc315c9ecd (webtiles) character file.

Game seed: 11446828604333441016

2 Esekla the Sneak (level 1, 16/16 HPs)
             Began as an Octopode Delver on Mar 20, 2024.
             Quit the game on level 5 of the Dungeon.
             The game lasted 00:01:32 (119 turns).

Esekla the Sneak (Octopode Delver)                   Turns: 119, Time: 00:01:32

Health: 16/16      AC:  1    Str: 11    XL:     1   Next: 30%
Magic:  1/1        EV: 12    Int: 12    God:
Gold:   0          SH:  0    Dex: 13    Spells: 0/0 levels left

rFire   . . .        g - +2 dagger (vamp)
rCold   . . .        (no shield)
rNeg    . . .        (helmet restricted)
rPois   .            c - amulet of regeneration
rElec   .            (no ring)
rCorr   .            (no ring)
SInv    .            (no ring)
Will    .....        (no ring)
Stlth   ++++         (no ring)
HPRegen 1.02/turn    (no ring)
MPRegen 0.07/turn    (no ring)
                     (no ring)

%: no passive effects
@: no status effects
A: almost no armour, amphibious, 8 rings, camouflage 1, gelatinous body 1,
(nimble swimmer 1), tentacles
a: no special abilities


You were on level 5 of the Dungeon.
You visited 1 branch of the dungeon, and saw 1 of its levels.

Inventory:

Hand Weapons
 a - a +0 falchion
 g - a +2 vampiric dagger (weapon)
Jewellery
 c - an amulet of regeneration (around mantle)
Wands
 f - a wand of digging (2)
Scrolls
 b - a scroll of fog
 d - a scroll of fear
Potions
 e - a potion of haste


   Skills:
 * Level 3.0 Fighting
 + Level 2.0 Long Blades
 * Level 2.0 Dodging
 + Level 6.6 Stealth


You couldn't memorise any spells.
You didn't know any spells.
Your spell library was empty.

Dungeon Overview and Level Annotations

Branches:
Dungeon (5/15)
 Temple: D:4-7

Altars:
Elyvilon
Makhleb


Innate Abilities, Weirdness & Mutations

You cannot wear most types of armour.
You are amphibious.
You can wear up to eight rings at the same time.
Your skin changes colour to match your surroundings (Stealth+).
Your rubbery body absorbs attacks. (AC +1, EV +1)
((You are camouflaged when in or above water. (Stealth+)))
You have tentacles for arms and can constrict up to eight enemies at once.


Message History

Found a stone staircase leading down.
As you read the scroll of revelation, it crumbles to dust.
You feel aware of your surroundings.
You sensed 2 altars.
An orc comes into view. It is wielding a +0 club.
You closely miss the orc. Your grab misses the orc. The orc barely misses you.
You hit the orc. You grab the orc. You squeeze the orc.
You kill the orc!
You see here a +0 club.
Found a stone staircase leading up.
An iguana comes into view.
Aiming: Dig
Press: ? - help, Shift-Dir - straight line A rock wall.
The rock shatters into small pieces.
Found a small diamond amulet.
Found a stone staircase leading up.
Found a glowing dagger.
c - an amulet of regeneration You start putting on your amulet.
You continue putting on your amulet of regeneration. x5
You finish putting on your amulet of regeneration.
c - an amulet of regeneration (around mantle)
The amulet throbs as it attunes itself to your uninjured body.
There is a stone staircase leading up here.
You see here a +2 vampiric dagger.
g - a +2 vampiric dagger You feel a sense of dread.
g - a +2 vampiric dagger (weapon)
There is a stone staircase leading up here.
As you open the gate, it creaks loudly!
Found a sling.
There is an open gate here.
You open the gate.
Found a white marble altar of Elyvilon.
There is an open gate here.
There is an open gate here.
There is an open gate here.
You open the gate.
Found a burning altar of Makhleb.
There is an open gate here.
Are you sure you want to abandon this character and quit the game? (Confirm with "yes".)

* *********,* * *,* *
*,** ******** *,,*
,,,,,,,*******#####
,,,,,,,**,,,,,#...#
,,,,,,,**,****#._.#
,,,,,,,**,* #...#
,,,,,,,**,** #'@'#
,,,,,,,,,,,***#...###
,,,,,,,*,,,,,,+)P.'.#
*,*,****,,***,+.P.'.#
*,*,*,,,,,* *,+.P.'.#
### ,,,,*,**,**
**#...#.# ##.#
*,,*,,**,*
#'''#.###.##
,,***,,,,*
#...#..#.## #####
**********
#._.##..#####...#


There were no monsters in sight!

Vanquished Creatures
  An orc (D:5)
1 creature vanquished.

Notes
Turn   | Place    | Note
-------+----------+-------------------------------------------
     0 | D:5      | Esekla the Octopode Delver began the quest for the Orb.
     0 | D:5      | Reached XP level 1. HP: 16/16 MP: 1/1
    39 | D:5      | Noticed an iguana
   112 | D:5      | Found a white marble altar of Elyvilon.
   117 | D:5      | Found a burning altar of Makhleb.
   119 | D:5      | Quit the game

Illustrated notes

Levels and vault maps discovered:
D:5:      layout_loops_cross, mainiacjoe_overflow_big_doors,
          serial_library_hellmonk_room_a, chequers_mini_garden

Action                     || total
---------------------------++-------
  Melee: Falchion          ||     2
         Constrict         ||     1
         Tentacles         ||     1
  Evoke: Wand              ||     1
    Use: Scroll            ||     1
  Dodge: Dodged            ||     1

Table legend: (Time is in decaauts)
 A = Elapsed time spent in this place.
 B = Non-inter-level travel time spent in this place.
 C = Inter-level travel time spent in this place.
 D = Time resting spent in this place.
 E = Time spent auto-exploring this place.
 F = Levels seen in this place.
 G = Mean time per level.
                   A        B        C        D        E       F      G
               +--------+--------+--------+--------+--------+-----+--------+
         Total |    118 |    118 |      0 |      0 |      0 |   1 |  118.0 |
       Dungeon |    118 |    118 |      0 |      0 |      0 |   1 |  118.0 |
               +--------+--------+--------+--------+--------+-----+--------+

Top non-repeatable levels by time:
     D:5: 118 daAuts
